Map: Ruins of Seras

Players

LindyHop

  • Race: Zerg Zerg
  • League: Platinum

DaNoM - Winner!

  • Race: Protoss Protoss
  • League: Platinum

VOD

Have the link to the VOD?

Description

Time

  • Played on: Dec. 12, 2015, 6:16 p.m.
  • Length: 8:22
Show
View Real Time Build Order
Export as new Build Order

LindyHop Zerg 

Build Orders: Hatch First 

Get SALT Encoding   

  12  0:01  Drone  
  13  0:13  Overlord  
  13  0:20  Drone  
  14  0:31  Drone x2  
  17  0:35  Drone  
  17  0:57  Hatchery  
  17  1:00  Drone  
  17  1:01  Drone  
  18  1:06  Extractor  
  18  1:07  Drone  
  18  1:26  Spawning Pool  
  17  1:34  Drone x2  
  19  1:40  Overlord  
  19  1:51  Drone  
  20  2:03  Drone  
  21  2:12  Metabolic Boost  
  21  2:13  Queen  
  23  2:16  Queen  
  25  2:23  Drone  
  25  2:24  Drone  
  28  2:30  Zergling x4  
  28  2:37  Overlord  
  29  2:57  Evolution Chamber  
  28  3:07  Zergling x8  
  28  3:08  Zergling x4  
  34  3:14  Baneling Nest  
  33  3:25  Zergling x2  
  33  3:26  Zergling x2  
  35  3:30  Overlord  
  35  3:31  Overlord  
  35  3:39  Zerg Ground Armor Level 1  
  35  3:40  Zergling x4  
  37  3:47  Drone x2  
  39  3:58  Baneling  
  39  3:59  Baneling x3  
  39  4:10  Zergling x10  
  39  4:35  Drone x6  
  40  4:43  Drone  
  40  4:45  Lair  
  41  5:05  Drone  
  41  5:06  Drone x3  
  44  5:08  Extractor  
  44  5:11  Hatchery  
  44  5:13  Queen  
  44  5:20  Drone x3  
  47  5:33  Drone x3  
  47  5:34  Drone x2  
  52  5:45  Spire  
  52  5:46  Drone x4  
  55  5:52  Overseer  
  55  5:58  Extractor  
  55  6:00  Extractor  
  53  6:09  Pneumatized Carapace  
  53  6:21  Drone x4  
  56  6:51  Overlord x3  
  55  7:02  Zergling x10  
  55  7:03  Mutalisk x3  
  66  7:09  Mutalisk x2  
  66  7:14  Mutalisk  
  72  7:16  Zergling x2  
  72  7:17  Zergling x2  
  72  7:21  Mutalisk  
  72  7:31  Mutalisk  
  72  7:33  Zergling x2  
  75  7:43  Hydralisk Den  
  71  8:02  Zergling x12  
  71  8:04  Zergling x4  
  71  8:05  Zergling x2  
Show
View Real Time Build Order
Export as new Build Order

DaNoM Protoss - Winner!

Build Orders:  

Get SALT Encoding   

  12  0:01  Probe (Chrono Boost)  
  13  0:12  Probe (Chrono Boost)  
  14  0:18  Pylon  
  14  0:23  Probe (Chrono Boost)  
  15  0:36  Probe (Chrono Boost)  
  15  0:38  Gateway  
  16  0:47  Probe (Chrono Boost)  
  17  0:50  Assimilator  
  17  0:57  Probe (Chrono Boost)  
  18  1:08  Probe (Chrono Boost)  
  19  1:15  Pylon  
  20  1:18  Probe (Chrono Boost)  
  20  1:26  Cybernetics Core  
  20  1:29  Probe (Chrono Boost)  
  21  1:39  Probe (Chrono Boost)  
  22  1:54  Nexus  
  22  1:56  Probe (Chrono Boost)  
  23  2:02  Assimilator  
  23  2:08  Probe (Chrono Boost)  
  24  2:19  Probe (Chrono Boost)  
  24  2:22  Warp Gate  
  25  2:25  Robotics Facility  
  25  2:30  Probe (Chrono Boost)  
  26  2:41  Probe (Chrono Boost)  
  27  2:57  Probe (Chrono Boost)  
  28  3:03  Adept (Chrono Boost)  
  29  3:08  Probe  
  29  3:09  Mothership Core, Pylon  
  32  3:16  Immortal  
  36  3:21  Probe  
  37  3:28  Probe  
  37  3:29  Adept (Chrono Boost)  
  37  3:33  Probe  
  41  3:36  Gateway  
  41  3:39  Probe  
  42  3:45  Probe  
  43  3:49  Probe  
  43  3:51  Gateway  
  44  3:56  Pylon  
  44  3:57  Probe  
  44  3:58  Sentry (Chrono Boost)  
  44  4:00  Probe, Observer  
  49  4:09  Probe  
  50  4:11  Probe  
  51  4:21  Probe x2  
  52  4:42  Probe  
  53  4:51  Gateway  
  53  4:52  Gateway  
  53  4:55  Gateway  
  53  4:56  Assimilator  
  53  4:57  Adept x3  
  59  5:01  Assimilator  
  59  5:22  Adept  
  61  5:31  Pylon  
  61  5:32  Pylon  
  61  5:34  Pylon  
  61  5:35  Pylon  
  61  5:49  Gateway, Immortal  
  65  5:59  Adept x4  
  65  6:00  Adept  
  75  6:09  Pylon  
  75  6:10  Pylon  
  75  6:18  Sentry x2  
  75  6:19  Sentry x2  
  75  6:20  Sentry  
  85  6:28  Warp Prism (Chrono Boost)  
  87  6:38  Probe  
  87  6:39  Probe  
  89  6:48  Probe  
  89  6:51  Probe  
  91  6:57  Sentry  
  92  7:26  Stalker x3  
  92  7:27  Stalker x4  
  106  7:49  Pylon  
  106  7:50  Pylon  
  106  7:53  Pylon  
  106  8:02  Stalker x2  
  110  8:08  Stalker x5  
Tags
 
Add a new tag
Caveats
  • Supply blocks, unpowered buildings, or Contaminate may cause inaccurate times.
  • Supply counts are checked every 10 seconds.